 Dungeon Crawl Stone Soup version 0.30-a0-145-g03d90e2e6d (webtiles) character file.

Game seed: 16215885651343975054

61 qw the Shield-Bearer (level 4, -14/28 HPs)
             Began as a Gargoyle Fighter on Sept 26, 2022.
             Demolished by an ogre
             ... wielding a +0 giant spiked club
              (16 damage)
             ... on level 5 of the Dungeon.
             The game lasted 00:00:43 (2183 turns).

qw the Shield-Bearer (Gargoyle Fighter)             Turns: 2183, Time: 00:00:44

Health: -14/28     AC: 10    Str: 22    XL:     4   Next: 7%
Magic:  4/4        EV:  8    Int:  8    God:
Gold:   137        SH:  8    Dex:  9    Spells: 3/3 levels left

rFire   . . .      SeeInvis .    Y - +1 war axe
rCold   . . .      Faith    .    l - +0 kite shield
rNeg    + . .      Spirit   .    b - +0 scale mail
rPois   inf        Reflect  .    (no helmet)
rElec   +          Harm     .    (no cloak)
rCorr   .          Rampage  .    (no gloves)
Will    +....                    (no boots)
Stlth   ..........               (no amulet)
HPRegen 0.09/turn                h - ring of willpower
MPRegen 0.09/turn                (no ring)

@: no status effects
A: sickness immunity, AC +3, negative energy resistance 1, electricity
resistance, torment resistance 1, petrification resistance
a: no special abilities


You were on level 5 of the Dungeon.
You visited 1 branch of the dungeon, and saw 4 of its levels.

You collected 137 gold pieces.


Innate Abilities, Weirdness & Mutations

You are immune to sickness and miasma.
Your stone body is resilient. (AC +3)
You are immune to poison.
You resist negative energy. (rN+)
You are resistant to electric shocks. (rElec)
You are resistant to unholy torment.
You are immune to petrification.


   Skills:
 - Level 3.2 Fighting
 + Level 3.3 Axes
 - Level 3.2 Armour
 - Level 4.0 Shields


You had 3 spell levels left.
You didn't know any spells.
Your spell library was empty.

Inventory:

Hand Weapons
 a - a +0 mace
 Y - a +1 war axe (weapon)
Missiles
 e - 2 boomerangs (quivered)
Armour
 b - a +0 scale mail (worn)
 l - a +0 kite shield (worn)
Jewellery
 h - a ring of willpower (left hand)
Scrolls
 g - a scroll of torment {unknown}
 i - a scroll of immolation {unknown}
 m - a scroll of identify
Potions
 c - a potion of flight {unknown}
 d - 2 potions of might
 f - a potion of invisibility {unknown}
 j - a potion of haste {unknown}
 k - a potion of heal wounds {unknown}

Dungeon Overview and Level Annotations

Branches:
Dungeon (5/15)
 Temple: D:4-7

Altars:
Kikubaaqudgha
Makhleb

Shops:
D:2 (   D:3 [


Message History

You can access your shopping list by pressing '$'.
2070 ||| SHOPLISTING +3 leather armour of cold resistance (288 gold, have 137).
You can access your shopping list by pressing '$'.
2070 ||| SHOPLISTING +8 orange crystal plate armour {Archmagi, Int+3 Clar} (1734 gold, have 137).
You can access your shopping list by pressing '$'.
You open the door.
There is an open door here.
g - a scroll labelled ELO OFYXEG
Enter note:
Found an ancient bone altar of Kikubaaqudgha.
A sourceless malevolence fills the Dungeon...
You fall into a shaft and drop 2 floors!
The shaft crumbles and collapses.
Found an iron wand and a wooden wand.
Found an escape hatch in the floor.
Found a stone staircase leading down.
Existing waypoints: (1) D:2 (2) D:3 Assign waypoint to what number? (0-9, D - delete waypoint) Waypoint 1 re-assigned from D:2 to D:5.
i - a scroll labelled NIGUOCW SONASE
m - a scroll of identify An ogre comes into view.
It is wielding a +0 giant spiked club.
The ogre shouts!
You barely miss the ogre. You block the ogre's attack.
You hit the ogre.
The ogre is moderately wounded.
The ogre barely misses you.
You slash the ogre!
The ogre is severely wounded.
The ogre hits you with a +0 giant spiked club!!
Ouch! That really hurt!
You barely miss the ogre.
The ogre is severely wounded.
The ogre hits you with a +0 giant spiked club!
You slash the ogre!
The ogre is almost dead.
The ogre hits you with a +0 giant spiked club!
Ouch! That really hurt!
You die...

# # . . .#. #
# #.# .#
####.##.##.#
........O..#
#@# #.# #.#
#.#
#.############
#............#
#.......####.#
##.......###.#
#/..>....>...#


You could see an ogre.

Vanquished Creatures
  An adder (D:2)
  2 dart slugs
  An orc (D:2)
  8 ball pythons
  6 bats
  4 endoplasms
  2 giant cockroaches
  4 goblins
  2 hobgoblins (D:1)
  3 kobolds (D:1)
  2 quokkas (D:3)
  A frilled lizard (D:1)
  8 rats
44 creatures vanquished.

Notes
Turn   | Place    | Note
-------+----------+-------------------------------------------
     0 | D:1      | qw the Gargoyle Fighter began the quest for the Orb.
     0 | D:1      | Reached XP level 1. HP: 14/14 MP: 1/1
     0 | D:1      | 0 ||| qw: Version: 0.2-a-10-g399e6c4
     0 | D:1      | 0 ||| qw: Game counter: 520
     0 | D:1      | 0 ||| qw: Always use a shield: true
     0 | D:1      | 0 ||| qw: God list: Okawaru
     0 | D:1      | 0 ||| qw: Allow faded altars: false
     0 | D:1      | 0 ||| qw: Do Orc after D:15 true
     0 | D:1      | 0 ||| qw: Do second Lair branch before Depths: true
     0 | D:1      | 0 ||| qw: Lair rune preference: random
     0 | D:1      | 0 ||| qw: Plans: Normal, Zot:1-4, God:TSO, Crypt, Tomb,
                  | Pan, Slime:5, Hells, Abyss, Orb
     0 | D:1      | 0 ||| PLANNING D:1-11
    53 | D:1      | 53 ||| Stepping ~*~*~tactically~*~*~ (hiding).
    54 | D:1      | 54 ||| Stepping ~*~*~tactically~*~*~ (hiding).
   202 | D:1      | Found a faded altar of an unknown god.
   235 | D:1      | Reached XP level 2. HP: 19/19 MP: 2/2
   337 | D:1      | 337 ||| Stepping ~*~*~tactically~*~*~ (stealth).
   338 | D:1      | 338 ||| Stepping ~*~*~tactically~*~*~ (stealth).
   350 | D:1      | 350 ||| Stepping ~*~*~tactically~*~*~ (stealth).
   361 | D:1      | 361 ||| Stepping ~*~*~tactically~*~*~ (stealth).
   362 | D:1      | 362 ||| Stepping ~*~*~tactically~*~*~ (stealth).
   363 | D:1      | 363 ||| Stepping ~*~*~tactically~*~*~ (stealth).
   364 | D:1      | 364 ||| Stepping ~*~*~tactically~*~*~ (stealth).
   413 | D:1      | 413 ||| Stepping ~*~*~tactically~*~*~ (stealth).
   632 | D:1      | Reached skill level 3 in Axes
   673 | D:1      | Reached XP level 3. HP: 22/23 MP: 3/3
   944 | D:1      | 944 ||| UPGRADING to +0 kite shield.
   954 | D:1      | 954 ||| DROPPING +0 buckler.
   955 | D:1      | 955 ||| READING 2 scrolls labelled LUMOIW KAAX.
   956 | D:1      | 956 ||| READING scroll labelled ZASAFE UMAOR.
   957 | D:1      | 957 ||| READING scroll labelled MOGI SIROLOBAONE.
   958 | D:1      | 958 ||| DROPPING scroll of amnesia.
  1140 | D:2      | Found Peoru's Antique Weapon Shoppe.
  1152 | D:2      | 1152 ||| SHOPLISTING slimy mace (216 gold, have 117).
  1154 | D:2      | Found a burning altar of Makhleb.
  1644 | D:2      | 1644 ||| FLEEEEING.
  1645 | D:2      | 1645 ||| FLEEEEING.
  1646 | D:2      | 1646 ||| FLEEEEING.
  1653 | D:2      | 1653 ||| Stepping ~*~*~tactically~*~*~ (stealth).
  1658 | D:2      | 1658 ||| Stepping ~*~*~tactically~*~*~ (stealth).
  1661 | D:2      | 1661 ||| Stepping ~*~*~tactically~*~*~ (stealth).
  1782 | D:2      | 1782 ||| UPGRADING to ring of willpower.
  1783 | D:2      | 1783 ||| READING scroll labelled ILASEDU HADD.
  1784 | D:2      | 1784 ||| READING scroll labelled VUXEAL QUPYTA.
  1785 | D:2      | 1785 ||| READING scroll labelled SIYDEM UXIDAFF.
  1786 | D:2      | 1786 ||| READING scroll labelled ESCHITHR TIQECOX.
  1936 | D:3      | 1936 ||| STAIRDANCE
  1942 | D:2      | 1942 ||| DROPPING +0 club.
  1981 | D:3      | Reached skill level 4 in Shields
  1981 | D:3      | Reached XP level 4. HP: 28/28 MP: 4/4
  2009 | D:3      | Found Xahuim's Armour Shoppe.
  2070 | D:3      | 2070 ||| SHOPLISTING +1 hat of the Swamp {rC+ Str+2} (326
                  | gold, have 137).
  2070 | D:3      | 2070 ||| SHOPLISTING +1 pair of boots (138 gold, have 137).
  2070 | D:3      | 2070 ||| SHOPLISTING +3 leather armour of cold resistance
                  | (288 gold, have 137).
  2070 | D:3      | 2070 ||| SHOPLISTING +8 orange crystal plate armour
                  | {Archmagi, Int+3 Clar} (1734 gold, have 137).
  2152 | D:3      | Found an ancient bone altar of Kikubaaqudgha.
  2153 | D:3      | You fall into a shaft and drop 2 floors!
  2153 | D:5      | Entered Level 5 of the Dungeon
  2177 | D:5      | Noticed an ogre
  2182 | D:5      | HP: 2/28 [ogre/+0 giant spiked club (8)]
  2183 | D:5      | Demolished by an ogre

Levels and vault maps discovered:
D:1:      dpeg_arrival_ratfight, layout_basic,
          hellmonk_ecumenical_altar_crossroads
D:2:      layout_basic, serial_shops, shop, basic_altar, minmay_misc_feat_five
D:3:      layout_loops_ring, kiku_gazebo_garden_becter, zin_angel,
          mainiacjoe_overflow_alcove_4, serial_shops,
          nicolae_shop_hallway_stairs
D:5:      layout_loops_ring, hellmonk_ghost_happy_afterlife, uniq_duvessa

Skill      XL: |  1  2  3 |
---------------+----------+-----
Axes           | 2 3 |  3.3
Shields        | 4 |  4.0
Fighting       | |  3.2
Armour         | |  3.2

Action                   |  1- 3 |  4- 6 || total
-------------------------+-------+-------++-------
Melee: War axe           |   120 |     7 ||   127
Throw: Boomerang         |       |     3 ||     3
  Use: Scroll            |     7 |       ||     7
Armor: Scale mail        |    67 |       ||    67
Dodge: Dodged            |    42 |     1 ||    43
Block: Buckler           |    11 |       ||    11
       Kite shield       |    14 |     3 ||    17

Table legend:
 A = Non-vault XP
 B = Vault XP
 C = Vault XP percentage of total XP
 D = Non-vault monster count
 E = Vault monster count
 F = Vault count percentage of total count
                 A         B        C        D         E       F
            +---------+---------+-------+---------+---------+-------
      Total |      83 |       5 |   5.7 |      39 |       5 |  11.4
            +---------+---------+-------+---------+---------+-------
        D:1 |      40 |       5 |  11.1 |      22 |       5 |  18.5
        D:2 |      33 |       0 |   0.0 |      13 |       0 |   0.0
        D:3 |      10 |       0 |   0.0 |       4 |       0 |   0.0
            +---------+---------+-------+---------+---------+-------
